 Dungeon Crawl Stone Soup version 0.31-a0-1589-g8f5e8aebd6 (webtiles) character file.

Game seed: 11699442588950738967

217 Atlas the Ruffian (level 5, -5/40 HPs)
             Began as a Draconian Shapeshifter on Jan 5, 2024.
             Slain by a hornet (13 damage)
             ... while paralysed by a hornet
             ... on level 4 of the Dungeon.
             The game lasted 00:02:47 (3272 turns).

Atlas the Ruffian (Draconian Shapeshifter)          Turns: 3272, Time: 00:02:48

Health: -5/40      AC:  5    Str: 18    XL:     5   Next: 61%
Magic:  5/5        EV:  2    Int: 10    God:
Gold:   139        SH:  0    Dex: 11    Spells: 4/4 levels left

rFire   . .          .
                       - Unarmed
rCold   . . .        (no shield)
rNeg    . . .        (body armour unavailable)
rPois   .            (helmet currently unavailable)
rElec   .            (cloak currently unavailable)
rCorr   .            (gloves currently unavailable)
SInv    .            (boots currently unavailable)
Will    .....        p - amulet of magic regeneration
Stlth   +            e - ring of flight
HPRegen 0.26/turn    (no ring)
MPRegen 0.49/turn

%: no passive effects
@: confused, paralysed, lethally poisoned (-5 -> -18), beast-form,
ambrosia-drunk, flying, slowed
A: beast (slay +2), AC +5, unfitting armour, cold-blooded
a: Begin Untransformation


You were on level 4 of the Dungeon.
You were a hulking beast.
You visited 1 branch of the dungeon, and saw 4 of its levels.

You collected 139 gold pieces.

Inventory:

Missiles
 s - 2 poisoned darts
Jewellery
 e - a ring of flight (left hand)
 p - an amulet of magic regeneration (around neck)
Talismans
 b - a beast talisman
 c - a flux talisman
Scrolls
 g - 2 scrolls of fear {unknown}
 h - a scroll of immolation {unknown}
 j - a scroll of identify {unknown}
 m - a scroll of brand weapon {unknown}
 n - 2 scrolls of teleportation {unknown}
 o - a scroll of fog {unknown}
 r - a scroll of noise {unknown}
Potions
 a - a potion of resistance {unknown}
 d - a potion of curing {unknown}
 f - a potion of haste {unknown}
 i - a potion of brilliance {unknown}
 l - a potion of heal wounds {unknown}
 q - a potion of degeneration {unknown}


   Skills:
 + Level 1.4 Fighting
 + Level 2.4 Dodging
 + Level 0.9 Stealth
 + Level 5.1 Unarmed Combat
 * Level 3.9 Shapeshifting


You had 4 spell levels left.
You didn't know any spells.
Your spell library contained the following spells:

 Spells                   Type           Power      Damage    Failure   Level
 Necrotise                Necr           0%         1d4       36%         1
 Vampiric Draining        Necr           0%         2d6       75%         3
 Martyr's Knell           Necr/Summ      0%         N/A       98%         4
 Curse of Agony           Necr           0%         N/A       100%        5


Dungeon Overview and Level Annotations

Branches:
Dungeon (4/15)
 Temple: D:4-7

Altars:
Ashenzari
Hepliaklqana
Nemelex Xobeh
Yredelemnul

Shops:
D:2 (   D:3 :


Innate Abilities, Weirdness & Mutations

You are a hulking beast.
Your limbs bulge with bestial killing power. (Slay +2)
Your plain brown scales are hard. (AC +5)
You cannot fit into any form of body armour.
You are cold-blooded and may be slowed by cold attacks.


Message History

There is an open door here.
There is a stone staircase leading up here.
a - a metallic pink potion No target in view!
No target in view!
Found 7 stones.
A giant cockroach comes into view.
You closely miss the giant cockroach. The giant cockroach bites you.
The giant cockroach bites you but does no damage.
You hit the giant cockroach. You tail-slap the giant cockroach.
You kill the giant cockroach!
No target in view!
A hornet comes into view.
The hornet buzzes angrily.
A hornet is nearby!
You miss the hornet. The hornet stings you.
You feel yourself slow down.
Okay, then.
Okay, then.
You hit the hornet.
The hornet is lightly wounded.
You feel yourself speed up. The hornet closely misses you.
The hornet stings you.
You are poisoned.
You feel yourself slow down.
You closely miss the hornet.
The hornet is lightly wounded.
You feel yourself speed up.
You feel very sick. The hornet stings you.
You feel yourself slow down. The hornet stings you!
You are more poisoned.
You feel as though you will be slow longer.
Unknown command.
Unknown command.
You are confused.
You feel invigorated.
You feel very sick. The hornet stings you!
* * * LOW HITPOINT WARNING * * *
You suddenly lose the ability to move!
The hornet stings you!
You die...

#.# #.# #.# #.#
##.#### ......#
<..#..# ###
..###.#######.#####
.## ##.......#..h.#
#####.#####.#.###y#
..##..# #.#... .#
..##..# #.###.#.#
..##### #(# .#.#
### #.# #.# .~# ...
.# ..# ### .. P~#


You could see a hornet.

Vanquished Creatures
  2 orc priests (D:3)
  Robin (D:3)
  4 gnolls
  2 adders
  A dart slug (D:2)
  A ribbon worm (D:3)
  13 orcs
  5 ball pythons
  3 bats (D:2)
  3 endoplasms
  3 giant cockroaches
  12 goblins
  7 hobgoblins
  4 quokkas
  A frilled lizard (D:1)
  3 kobolds
  8 rats
73 creatures vanquished.

Notes
Turn   | Place    | Note
-------+----------+-------------------------------------------
     0 | D:1      | Atlas the Draconian Shapeshifter began the quest for the
                  | Orb.
     0 | D:1      | Reached XP level 1. HP: 16/16 MP: 1/1
   559 | D:1      | Reached XP level 2. HP: 23/23 MP: 2/2
  1188 | D:2      | Found Sapodexa's Weapon Shoppe.
  1341 | D:2      | Reached XP level 3. HP: 8/28 MP: 3/3
  2077 | D:3      | Found Razotref's Book Shop.
  2097 | D:3      | Reached skill level 4 in Unarmed Combat
  2224 | D:2      | Reached XP level 4. HP: 33/35 MP: 4/4
  2628 | D:3      | Found a broken altar of Ashenzari.
  2635 | D:3      | Found a basalt altar of Yredelemnul.
  2635 | D:3      | Found a hazy altar of Hepliaklqana.
  2636 | D:3      | Found a sparkling altar of Nemelex Xobeh.
  2695 | D:3      | Noticed Robin
  2706 | D:3      | Killed Robin
  2808 | D:3      | Reached XP level 5. HP: 17/40 MP: 5/5
  2810 | D:3      | Reached skill level 5 in Unarmed Combat
  3268 | D:4      | Noticed a hornet
  3272 | D:4      | Paralysed by a hornet for 2 turns
  3272 | D:4      | Slain by a hornet

Illustrated notes

Levels and vault maps discovered:
D:1:      dpeg_chamrin_arrival_tetris, layout_loops_corners,
          hangedman_glass_teeth
D:2:      layout_basic, serial_shops, shop, minmay_strange_pillars
D:3:      layout_basic, minitemple, serial_shops, shop,
          kennysheep_pointless_box, uniq_robin
D:4:      layout_loops_corners, kennysheep_little_box, serial_aquarium,
          aquarium_bridge_straight [aquarium_subvault_bridge,
          aquarium_subvault_wall, aquarium_subvault_bridge,
          aquarium_subvault_wall], aquarium_window_fake, aquarium_window_fake,
          aquarium_window_fake, aquarium_view_2e, aquarium_view_2a,
          aquarium_pool_S, uniq_sigmund

Skill      XL: |  1  2  3  4  5 |
---------------+----------------+-----
Dodging        | 2 |  2.4
Unarmed Combat | 4 5 |  5.1
Fighting       | |  1.4
Stealth        | |  0.9
Shapeshifting  | |  3.9

Action                     |  1- 3 |  4- 6 || total
---------------------------+-------+-------++-------
  Melee: Unarmed           |   110 |    86 ||   196
         Tailslap          |    17 |     8 ||    25
         Punch             |     2 |     1 ||     3
    Use: Potion            |       |     3 ||     3
   Stab: Sleeping          |     3 |       ||     3
 Armour: Skin              |    43 |    77 ||   120
  Dodge: Dodged            |    59 |    31 ||    90

Table legend: (Time is in decaauts)
 A = Elapsed time spent in this place.
 B = Non-inter-level travel time spent in this place.
 C = Inter-level travel time spent in this place.
 D = Time resting spent in this place.
 E = Time spent auto-exploring this place.
 F = Levels seen in this place.
 G = Mean time per level.
                   A        B        C        D        E       F      G
               +--------+--------+--------+--------+--------+-----+--------+
         Total |   3257 |   3181 |     76 |      7 |   2663 |   4 |  814.2 |
       Dungeon |   3257 |   3181 |     76 |      7 |   2663 |   4 |  814.2 |
               +--------+--------+--------+--------+--------+-----+--------+

Top non-repeatable levels by time:
     D:3: 1093 daAuts
     D:1: 1018 daAuts
     D:2: 915 daAuts
     D:4: 230 daAuts
